 Dungeon Crawl Stone Soup version 0.24-a0-375-g4de66ed42b (webtiles) character file.

Game seed: 12195953233121429180

440045 MachJacob the Slayer (level 24, 0/166 HPs)
             Began as a Tengu Air Elementalist on May 30, 2019.
             Was the Champion of Ashenzari.
             Slain by a vampire knight
             ... wielding a +0 battleaxe
              (17 damage)
             ... on level 3 of the Depths on May 31, 2019.
             The game lasted 06:42:05 (83000 turns).

MachJacob the Slayer (Tengu Air Elementalist)      Turns: 83000, Time: 06:42:05

Health: 0/166      AC: 27    Str: 15    XL:     24   Next: 9%
Magic:  47/49      EV: 28    Int: 19    God:    Ashenzari [******]
Gold:   3107       SH: 14    Dex: 19    Spells: 12/48 levels left

rFire    + + +     SeeInvis +   b - +9 hand crossbow "Mequn" {elec, rElec rF++ Str+3 Dex-3}
rCold    + + .     Gourm    .   u - +0 shield {reflect} (curse)
rNeg     + . .     Faith    .   v - +5 ice dragon scales (curse)
rPois    +         Spirit   .   (helmet restricted)
rElec    +         Reflect  +   O - +2 cloak {rPois} (curse)
rCorr    .         Harm     .   X - +0 pair of gloves (curse)
MR       +....     Clarity  +   (boots unavailable)
Stlth    ++........             l - amulet of rage (curse)
HPRegen  0.37/turn              i - ring of Suteowk {rF+ rN+ MP+9 Dex+2 SInv}
MPRegen  0.31/turn              q - ring "Forget-Me-Not" {rElec rF+ Stlth+} (curse)

@: swift, flying quickly and evasively, deflect missiles, very quick
A: beak, talons 3, able to fly
}: 2/15 runes: decaying, serpentine
a: Stop Flying, Curse Item, Scrying, Transfer Knowledge, Renounce Religion,
Evoke Berserk Rage


You were on level 3 of the Depths.
You worshipped Ashenzari.
Ashenzari was exalted by your worship.
You were not hungry.

You visited 9 branches of the dungeon, and saw 42 of its levels.
You visited the Abyss 1 time.
You visited 1 bazaar.

You collected 4683 gold pieces.
You spent 1576 gold pieces at shops.

Inventory:

Hand Weapons
 a - a +6 vampiric trident
 b - the +9 hand crossbow "Mequn" (weapon) {elec, rElec rF++ Str+3 Dex-3}
   (You found it on level 10 of the Dungeon)

   It charges the ammunition it shoots with electricity; occasionally upon a
   hit, such missiles may discharge and cause terrible harm.
   It affects your strength (+3).
   It affects your dexterity (-3).
   It greatly protects you from fire.
   It insulates you from electricity.
Missiles
 E - 5 throwing nets {!f}
 L - 960 bolts (quivered)
 P - 16 curare-tipped darts {!f}
Armour
 u - a cursed +0 shield of reflection (worn)
 v - cursed +5 ice dragon scales (worn)
 O - a cursed +2 cloak of poison resistance (worn)
 X - a cursed +0 pair of gloves (worn)
Jewellery
 d - an uncursed ring of protection from magic
 i - the ring of Suteowk (left hand) {rF+ rN+ MP+9 Dex+2 SInv}
   (You bought it in a shop in a bazaar)

   [ring of see invisible]

   It affects your dexterity (+2).
   It protects you from fire.
   It protects you from negative energy.
   It affects your magic capacity (+9).
   It lets you see invisible.
 l - a cursed amulet of rage (around neck)
 q - the cursed ring "Forget-Me-Not" (right hand) {rElec rF+ Stlth+}
   (You found it on level 4 of the Dungeon)

   [ring of protection from fire]

   It protects you from fire.
   It insulates you from electricity.
   It makes you more stealthy.
   It has a curse placed upon it.
 w - an uncursed ring of resist corrosion
Wands
 t - a wand of enslavement (13)
 z - a wand of paralysis (3)
 B - a wand of iceblast (76)
 M - a wand of digging (30)
 N - a wand of acid (15)
 T - a wand of disintegration (50)
Scrolls
 e - 10 scrolls of teleportation
 j - 11 scrolls of amnesia
 k - 6 scrolls of fog
 n - 3 scrolls of silence
 r - 7 scrolls of remove curse
 y - 3 scrolls of vulnerability
 C - 7 scrolls of immolation
 D - 10 scrolls of magic mapping
 J - 2 scrolls of summoning
 Y - 3 scrolls of enchant weapon
 Z - 4 scrolls of fear
Potions
 f - 3 potions of cancellation
 g - a potion of ambrosia
 h - 7 potions of agility
 m - 3 potions of berserk rage
 p - 12 potions of curing
 s - 2 potions of mutation
 A - a potion of invisibility
 F - 5 potions of haste
 H - 4 potions of heal wounds
 I - 4 potions of brilliance
 K - 7 potions of might
 Q - a potion of resistance
 V - 2 potions of magic
Miscellaneous
 x - a lamp of fire
 G - a box of beasts
 R - a fan of gales
 S - a phial of floods
 W - 2 phantom mirrors
Comestibles
 c - 54 rations


   Skills:
 + Level 21.2 Fighting
 - Level 10.0 Polearms
 - Level 10.0 Crossbows
 + Level 16.0(18.5) Armour
 + Level 18.3(20.6) Dodging
 - Level 2.0 Stealth
 - Level 12.3(15.0) Shields
 - Level 12.5 Spellcasting
 - Level 8.1(11.1) Conjurations
 - Level 3.0(5.6) Charms
 - Level 2.7(5.2) Summonings
 - Level 9.1(12.0) Necromancy
 - Level 1.3(3.2) Translocations
 - Level 0.6(2.0) Transmutations
 - Level 12.3(15.0) Air Magic
 - Level 6.9(10.0) Earth Magic
 - Level 4.6(7.5) Evocations


You had 12 spell levels left.
You knew the following spells:

 Your Spells              Type           Power        Failure   Level  Hunger
a - Borgnjor's Vile Clut  Necr/Erth      ######....   4%          5    ####...
b - Swiftness             Chrm/Air       ######..     1%          2    None
d - Airstrike             Air            ######....   1%          4    #......
e - Animate Skeleton      Necr           N/A          1%          1    None
f - Regeneration          Chrm/Necr      #####.....   1%          3    None
g - Summon Lightning Spi  Summ/Air       ######..     2%          4    #......
h - Apportation           Tloc           ###...       4%          1    None
i - Summon Butterflies    Summ           ####....     1%          1    None
j - Passwall              Tmut/Erth      ####....     1%          2    None
q - Blink                 Tloc           N/A          6%          2    None
r - Deflect Missiles      Chrm/Air       ######....   34%         6    ######.
z - Lightning Bolt        Conj/Air       ######....   1%          5    ####...

Your spell library contained the following spells:

 Spells                   Type           Power        Failure   Level  Hunger
 Flame Tongue             Conj/Fire      ####.        1%          1    None
 Infusion                 Chrm           ####         1%          1    None
 Magic Dart               Conj           ####         1%          1    None
 Pain                     Necr           ####         1%          1    None
 Sandblast                Erth           ######       1%          1    None
 Shock                    Conj/Air       ####         1%          1    None
 Summon Small Mammal      Summ           ####         1%          1    None
 Poisonous Vapours        Pois/Air       #####.       1%          2    None
 Searing Ray              Conj           ######       1%          2    None
 Sublimation of Blood     Necr           ######....   1%          2    None
 Mephitic Cloud           Conj/Pois/Air  #####...     1%          3    None
 Static Discharge         Conj/Air       ######..     1%          3    None
 Stone Arrow              Conj/Erth      ######       1%          3    None
 Vampiric Draining        Necr           ######....   1%          3    None
 Animate Dead             Necr           N/A          1%          4    #......
 Iskenderun's Mystic Bla  Conj           ######..     1%          4    #......
 Call Imp                 Summ           ####....     2%          2    None
 Song of Slaying          Chrm           ####....     2%          2    None
 Throw Frost              Conj/Ice       ####..       2%          2    None
 Shroud of Golubria       Chrm/Tloc      ####......   4%          2    None
 Conjure Flame            Conj/Fire      ####....     4%          3    None
 Dazzling Spray           Conj/Hex       ####..       4%          3    None
 Call Canine Familiar     Summ           ####....     5%          3    None
 Beastly Appendage        Tmut           ###...       7%          1    None
 Lee's Rapid Deconstruct  Erth           ######....   8%          5    ####...
 Recall                   Summ/Tloc      N/A          9%          3    None
 Force Lance              Conj/Tloc      #####...     9%          4    #......
 Sticks to Snakes         Tmut           ###.....     11%         2    None
 Conjure Ball Lightning   Conj/Air       ######....   12%         6    ######.
 Gell's Gravitas          Tloc           ###.......   13%         3    None
 Lesser Beckoning         Tloc           ###.......   13%         3    None
 Teleport Other           Tloc           ###.....     13%         3    None
 Petrify                  Tmut/Erth      ####....     13%         4    #......
 Corona                   Hex            ##.....      14%         1    None
 Freeze                   Ice            ##..         14%         1    None
 Ozocubu's Armour         Chrm/Ice       ###.....     14%         3    None
 Spectral Weapon          Hex/Chrm       ###.....     14%         3    None
 Summon Guardian Golem    Hex/Summ       ###.....     16%         3    None
 Fulminant Prism          Conj/Hex       ####......   16%         4    #......
 Throw Icicle             Conj/Ice       ####....     16%         4    #......
 Leda's Liquefaction      Hex/Erth       ####......   19%         4    #......
 Silence                  Hex/Air        #####.....   19%         5    ####...
 Ensorcelled Hibernation  Hex/Ice        ##....       21%         2    None
 Slow                     Hex            ##......     21%         2    None
 Portal Projectile        Hex/Tloc       ###...       22%         3    None
 Spider Form              Tmut/Pois      ###.......   28%         3    None
 Irradiate                Conj/Tmut      #####.....   30%         5    ####...
 Ignite Poison            Fire/Tmut/Pois ###.....     32%         3    None
 Inner Flame              Hex/Fire       ##......     38%         3    None
 Tukima's Dance           Hex            ##......     38%         3    None
 Passage of Golubria      Tloc           N/A          38%         4    #......
 Summon Ice Beast         Ice/Summ       ###.....     45%         4    #......
 Freezing Cloud           Conj/Ice/Air   #####.....   54%         6    ######.
 Ice Form                 Ice/Tmut       ###.....     67%         4    #......
 Cause Fear               Hex            ##........   80%         4    #......
 Summon Mana Viper        Hex/Summ       ###.....     80%         5    ####...
 Blade Hands              Tmut           ###.......   88%         5    ####...
 Statue Form              Tmut/Erth      ####.....    90%         6    ######.
 Bolt of Fire             Conj/Fire      ####......   93%         6    ######.
 Alistair's Intoxication  Tmut/Pois      ###.....     95%         5    ####...
 Shadow Creatures         Summ           N/A          95%         6    ######.
 Darkness                 Hex            ##........   100%        6    ######.
 Hydra Form               Tmut           ###.......   100%        6    ######.
 Invisibility             Hex            ##......     100%        6    ######.
 Dragon Form              Tmut           ###.......   100%        7    #######
 Malign Gateway           Summ/Tloc      ####......   100%        7    #######
 Monstrous Menagerie      Summ           ####......   100%        7    #######
 Ring of Flames           Chrm/Fire      ###.......   100%        7    #######
 Summon Greater Demon     Summ           ####......   100%        7    #######
 Summon Hydra             Summ           ####......   100%        7    #######
 Ignition                 Fire           ##........   100%        8    #######
 Summon Horrible Things   Summ           ####......   100%        8    #######
 Dragon's Call            Summ           ####......   100%        9    #######
 Shatter                  Erth           ######....   100%        9    #######
 Tornado                  Air            ######....   100%        9    #######


Dungeon Overview and Level Annotations

Branches:
Dungeon (15/15)            Temple (1/1) D:4            Lair (6/6) D:9
  Swamp (4/4) Lair:4        Snake (4/4) Lair:4        Slime (0/5) Lair:6
    Orc (2/2) D:11            Elf (3/3) Orc:2        Vaults (4/5) D:14
  Crypt (0/3) Vaults:2     Depths (3/5) D:15

Altars:
Ashenzari
Cheibriados
Dithmenos
Elyvilon
Fedhas
Gozag
Hepliaklqana
Kikubaaqudgha
Makhleb
Nemelex Xobeh
Okawaru
Qazlal
Ru
Sif Muna
Trog
Uskayaw
Vehumet
Wu Jian
Xom
Yredelemnul
Zin
The Shining One
Beogh
Jiyva

Shops:
Orc:1 :   Orc:2 [((*   Elf:3 (   Snake:1 %   Depths:2 *

Portals:
Hell: Depths:1 Depths:2
Abyss: Depths:1
Pandemonium: Depths:3
Ziggurat: Depths:1

Annotations:
D:6 2 transporters, Lexodia's ghost, novice TrMo
Lair:1 Gastronok
Lair:6 1 runed translucent door
Swamp:2 2 transporters, Xenophilius's ghost, adept SpAE
Snake:1 Jorgrun
Snake:2 exclusion: upstairs
Elf:2 3 runed translucent doors, exclusion: 3 doors
Vaults:1 exclusions: downstairs, obsidian statue and sphinx
Depths:2 2 transporters, exclusion: orange crystal statue
Depths:3 1 exclusion, Boris


Innate Abilities, Weirdness & Mutations

You have a beak for a mouth.
You have claws for feet.
You can fly continuously.


Message History

Confirm with . or Enter, or press ? or * to list all spells.
You blink.
The vampire knight completely misses you. x2
Press: ? - help, v - describe, . - travel
Here: a vampire knight, wielding a +0 battleaxe and wearing a +0 chain mail (moderately damaged, fast, slightly transparent)
The floor.
Casting: Blink (safe; 6% risk of failure)
Confirm with . or Enter, or press ? or * to list all spells.
You feel quick.
The vampire knight points at you and mumbles some strange words.
You easily resist.
The vampire knight blinks!
The vampire knight blinks!
The vampire knight hits you with a +0 battleaxe.
* * * LOW HITPOINT WARNING * * *
The vampire knight bites you but does no damage.
The vampire knight casts a spell.
The vampire knight flickers and vanishes for a moment.
The vampire knight hits you with a +0 battleaxe!
You die...

...'......# #≈#*#. ##.#......#
**** #≈# #. ##.#......# *,,*
#≈#*#. ##.#......# **,* #.+*#.
...#......# *,* #.###.
####......##########+## #.....
##....................# #....)
##....................# #.).).
##..)...........@.....# #.....
##.####..........V....# #.....
.'######..............# #.....
####..###.............# ##.....
###....#####'##..#.V..# #......
##D.#..u** #.#..###...# ##.#.#.#
#....#..,**#...#####..#####..#.#.
........,,*##.#######..####.#.#.#
..#.....*,,*########.....##..#.#.


You could see 2 vampire knights.

Vanquished Creatures
  Mara (Elf:3)
  Saint Roka (Orc:2)
  Margery (Vaults:2)
  Rupert (Orc:2)
  4 deep elf master archers (Elf:3)
  3 liches (Depths:1 Depths:2 Depths:3)
  A sphinx (Vaults:2)
  A tengu reaver (Depths:3)
  A thorn hunter (Swamp:2)
  A storm dragon (Vaults:2)
  6 nagarajas (Snake:4)
  Donald (Snake:3)
  4 fire giants (Vaults:3 Depths:1 Depths:2)
  8 deep elf sorcerers (Elf:1 Elf:3 Elf:2)
  5 frost giants (D:15 Vaults:4 Depths:1 Depths:3)
  A daeva (Depths:1)
  A juggernaut zombie (Depths:3)
  6 vault wardens (Vaults:2 Vaults:3 Vaults:4)
  4 deep elf elementalists (Orc:2 Elf:2 Elf:3)
  8 ironheart preservers (Vaults:2 Vaults:3 Vaults:4)
  2 angels (Depths:1)
  12 stone giants (Vaults:2 Vaults:3 Vaults:4 Depths:1 Depths:2)
  17 very ugly things (Swamp:3 D:15 Depths:1 Depths:2 Depths:3)
  Nessos (Orc:2)
  2 vampire knights (Depths:3)
  3 deep elf demonologists (Elf:3)
  3 spark wasps (Depths:1)
  7 deep elf annihilators (Elf:1 Elf:3)
  4 deep elf death magi (Elf:3)
  Snorg (Orc:2)
  6 ettins (Vaults:3 Vaults:4 Depths:1 Depths:2 Depths:3)
  2 green deaths (Swamp:4)
  5 great orbs of eyes (Vaults:4 Depths:2 Depths:3)
  4 fire dragons (Vaults:1 Vaults:3 Vaults:4 Depths:1)
  A crystal guardian (Vaults:4)
  A deep elf high priest (Elf:3)
  9 ogre magi (Vaults:1 Vaults:2 Vaults:3 Vaults:4 Depths:1)
  3 yaktaur captains (Vaults:2 Vaults:3)
  Harold (D:8)
  8 ice dragons (Vaults:2 Vaults:3 Vaults:4 Depths:1 Depths:2)
  A vault guard (Vaults:2)
  14 naga warriors (Snake:2 Snake:3 Snake:4)
  A merfolk avatar (Lair:6)
  4 anacondas (Snake:1 Snake:3)
  A catoblepas (Lair:6)
  14 hydras (Lair:1 Lair:3 Lair:4 D:14 Swamp:1)
  3 shambling mangroves (Swamp:2 Swamp:1)
  14 centaur warriors (D:13 D:14 D:15 Vaults:1 Vaults:2)
  Erica (Lair:1)
  7 alligators (Swamp:1 Swamp:2 Swamp:4)
  31 two-headed ogres (D:10 D:7 D:11 D:14 D:15)
  A deep troll shaman (Vaults:3)
  3 death yaks (Lair:6)
  2 vampire magi (D:15 Depths:2)
  2 orc high priests (Orc:2)
  3 deep troll earth magi (Depths:2)
  11 naga sharpshooters (Snake:1 Lair:4 Snake:3 Snake:4)
  A thrashing horror (Swamp:4)
  7 dancing weapons (Elf:1 Elf:2 Elf:3 Depths:3)
  A tengu warrior (Depths:2)
  A large abomination (Swamp:4)
  8 shock serpents (Lair:4 Snake:1 Snake:2 Snake:3 Snake:4)
  5 hell knights (Vaults:2 Vaults:1)
  A spriggan berserker (Depths:1)
  24 deep elf knights (Elf:1 Elf:2 Elf:3 Vaults:2 Vaults:3)
  Sonja (Lair:1)
  An iron troll (Depths:3)
  A sea snake (Lair:6)
  A shadow wraith (Vaults:4)
  2 glowing orange brains (Depths:2)
  A flayed ghost (Vaults:4)
  A spark wasp zombie (Depths:3)
  A spriggan druid (Swamp:4)
  14 deep trolls (Vaults:2 Vaults:3 Depths:2 Depths:3)
  An unseen horror (D:10)
  11 deep elf archers (Elf:1 Elf:2 Elf:3 Vaults:4)
  8 ironbrand convokers (Vaults:1 Vaults:3 Vaults:4)
  4 naga ritualists (Snake:1 Snake:4)
  A glowing orange brain (shapeshifter) (Depths:3)
  2 harpies (shapeshifter) (D:13 Vaults:4)
  2 tengu zombies (Vaults:1 Vaults:4)
  Pikel (D:5)
  7 swamp dragons (Swamp:1 Swamp:2 Swamp:4)
  3 necromancers (D:14 Vaults:1 Vaults:4)
  3 mana vipers (Snake:1 Lair:4 Snake:3)
  4 manticores (Lair:6 D:11 D:15)
  13 orc knights (D:7 D:12 Vaults:1 Vaults:2 Vaults:3)
  9 cyclopes (D:11 Orc:2 D:14 D:15 Vaults:2)
  2 wolf spiders (Vaults:1)
  A frost giant zombie (Vaults:1)
  49 deep elf magi (D:15 Orc:2 Elf:1 Elf:2 Elf:3)
  A sphinx zombie (Vaults:4)
  32 ugly things (D:11 D:12 Swamp:4 Vaults:3 Vaults:4)
  7 orc sorcerers (Orc:1 Orc:2 D:13 Elf:2 Vaults:2)
  6 salamanders (Snake:1 Snake:2 Snake:3 Snake:4)
  9 elephants (Lair:4)
  17 black mambas (Lair:6 Lair:4 Snake:1 Snake:3 Snake:4)
  Psyche (D:7)
  5 vault sentinels (Vaults:2 Vaults:3 Vaults:4)
  A black mamba (shapeshifter) (Vaults:4)
  29 naga magi (Snake:1 Snake:3 Snake:4)
  2 torpor snails (Lair:5 Lair:6)
  6 guardian serpents (Snake:3 Snake:4)
  18 spiny frogs (Lair:1 Lair:3 Lair:4 Lair:5 Lair:6)
  3 orange demons (Swamp:4)
  2 gargoyles (D:12 D:15)
  5 kobold demonologists (D:13 D:14 D:15)
  An efreet (D:14)
  5 rime drakes (Lair:1 Lair:6)
  6 freezing wraiths (D:15 Vaults:1 Vaults:2 Vaults:4)
  30 yaktaurs (D:13 D:15 Vaults:2 Vaults:3 Vaults:4)
  6 komodo dragons (Lair:3 Lair:4 Lair:6)
  2 yaktaurs (shapeshifter) (Vaults:1)
  6 trolls (D:12 Orc:2 D:14 D:15)
  26 hornets (Lair:6 Swamp:2 Swamp:1 Swamp:3 Vaults:2)
  3 polar bears (Lair:4 Lair:6)
  A queen bee (shapeshifter) (Depths:1)
  Grinder (D:5)
  Prince Ribbit (D:8)
  51 slime creatures (D:12 D:13 D:14 D:15 Swamp:1)
  A wolf spider simulacrum (D:13)
  7 hippogriffs (Lair:1 Lair:5 Lair:6 D:12 D:14)
  A fire giant simulacrum (Vaults:2)
  2 tyrant leeches (Swamp:2 Swamp:4)
  10 blink frogs (Lair:2 Lair:6 Swamp:4)
  5 dream sheep (Lair:4)
  12 bog bodies (Swamp:1 Swamp:2 Swamp:3 Swamp:4)
  A redback (D:13)
  An air elemental (Elf:3)
  10 spriggans (Swamp:2 Swamp:3 Depths:1)
  A vampire (D:14)
  4 shadows (D:10 Swamp:3 Swamp:4)
  41 yaks (D:7 D:6 D:9 Lair:2 Lair:5)
  6 basilisks (Lair:1 Lair:3 Lair:4)
  4 water elementals (Orc:2 Elf:1 Elf:3)
  9 wraiths (D:11 D:12 D:15 Lair:4 Abyss:3)
  A yak (shapeshifter) (D:13)
  Grum (D:8)
  6 wyverns (Lair:6 D:12 D:14)
  2 hungry ghosts (D:9 D:14)
  Eustachio (D:4)
  20 vampire mosquitoes (D:15 Swamp:2 Swamp:3 Swamp:4)
  2 fire elementals (Elf:2 Elf:3)
  2 human simulacra (Vaults:2 Vaults:4)
  35 nagas (Snake:1 Snake:3 Snake:4)
  7 wargs (D:12 Orc:1 Orc:2 Vaults:2)
  7 swamp worms (Swamp:1 Swamp:2 Swamp:3 Swamp:4)
  Menkaure (D:4)
  4 acid dragons (D:13 D:14 Vaults:1 Vaults:2)
  A soldier ant (shapeshifter) (D:13)
  Duvessa (D:5)
  11 water moccasins (Lair:2 Lair:4 Lair:5 Lair:6 D:11)
  An eye of draining (shapeshifter) (Vaults:2)
  A floating eye (Depths:3)
  6 swamp drakes (Swamp:1 Swamp:3)
  7 porcupines (Lair:1 Lair:2 Lair:4 Lair:5)
  2 black bears (D:9 D:13)
  An ettin simulacrum (Vaults:2)
  45 orc warriors (D:6 D:7 D:9 D:10 D:12)
  6 sky beasts (D:9 D:11 D:13)
  3 phantoms (D:6 D:8 D:11)
  An ice beast (D:9)
  An eye of draining (D:10)
  15 boggarts (Vaults:2 Vaults:3 Depths:2)
  2 wolves (D:7 D:8)
  14 centaurs (D:6 D:7 D:9 D:11 D:14)
  23 ogres (D:5 D:6 D:7 D:11 D:12)
  13 crocodiles (D:9 Lair:1 Lair:2 Lair:4 Lair:5)
  2 big kobolds (D:10 D:11)
  17 bullfrogs (D:7 D:9 Lair:1 Lair:2 Lair:4)
  A wyvern zombie (D:14)
  Dowan (D:5)
  3 wyvern skeletons (D:11 D:14)
  4 scorpions (D:6 D:9 D:10 D:8)
  9 killer bees (D:9 D:8 D:11)
  13 wights (D:7 D:11 D:12)
  2 vampire bats (D:2)
  7 electric eels (D:11 Lair:2 Lair:6 Elf:3)
  9 crimson imps (D:6 D:8 D:9 D:10 D:11)
  4 centaur zombies (D:8 D:10 D:12 D:14)
  5 hounds (D:4 D:8 D:9 D:11)
  A quasit (D:12)
  2 bullfrog skeletons (D:9 D:13)
  4 jellies (D:9 D:8)
  Crazy Yiuf (D:5)
  2 bullfrog zombies (D:6 D:8)
  18 orc priests (D:5 D:6 D:10 D:4 Orc:1)
  An iron imp (Depths:1)
  23 orc wizards (D:7 D:9 D:10 D:4 Orc:2)
  3 centaur skeletons (D:11)
  10 worker ants (D:3 D:4 D:6 D:9 D:11)
  8 iguanas (D:3 D:4 D:6 D:8 Lair:4)
  A killer bee zombie (D:5)
  A hound skeleton (D:4)
  A worker ant zombie (D:11)
  A gnoll (D:4)
  A howler monkey skeleton (D:4)
  22 adders (D:2 D:3 D:4 D:5 D:6)
  A shadow imp (D:12)
  6 oozes (D:1 D:8)
  2 adder skeletons (D:4 D:8)
  A worm (shapeshifter) (Depths:3)
  2 dart slugs (D:1 D:2)
  2 worms (D:2)
  6 leopard geckos (D:1 D:2 D:4 D:5 D:7)
  127 orcs (D:3 D:2 D:4 D:5 D:6)
  3 bat skeletons (D:2)
  2 bat zombies (D:2)
  4 giant cockroaches (D:1 D:3 D:7)
  9 goblins (D:1 D:2 D:3)
  6 hobgoblins (D:1 D:3 D:2)
  8 jackals (D:3 D:6 D:7 D:11)
  5 quokkas (D:3 D:4 D:8 D:10 D:11)
  A ball python (D:5)
  7 bats (D:1 D:2 D:3)
  7 frilled lizards (D:1 D:2 D:3 D:4 D:5)
  17 kobolds (D:1 D:2 D:3 D:10 D:15)
  A leopard gecko skeleton (D:4)
  2 quokka skeletons (D:4)
  7 rats (D:1 D:3)
  A fungus (Lair:6)
1501 creatures vanquished.

Vanquished Creatures (collateral kills)
  A deep elf blademaster (Elf:3)
  A sphinx (Vaults:3)
  A thorn hunter (Swamp:4)
  2 nagarajas (Snake:4)
  A fire giant (Vaults:3)
  A frost giant (Depths:3)
  2 deep elf sorcerers (Elf:3 Vaults:2)
  Aizul (Snake:1)
  Louise (Snake:1)
  2 ironheart preservers (Vaults:2 Vaults:3)
  5 very ugly things (D:15 Depths:1 Depths:2)
  3 deep elf elementalists (Elf:3)
  2 deep elf demonologists (Elf:3)
  A deep elf annihilator (Elf:3)
  2 deep elf death magi (Elf:2 Vaults:2)
  An ettin (Depths:3)
  2 deep elf high priests (Elf:3)
  2 yaktaur captains (Vaults:2 Depths:2)
  A fire dragon (Depths:2)
  Josephine (Lair:4)
  3 naga warriors (Snake:4)
  2 great orbs of eyes (Vaults:2 Depths:1)
  A hydra (Swamp:3)
  3 shambling mangroves (Swamp:2 Swamp:3)
  An ice dragon (Depths:1)
  3 two-headed ogres (Vaults:2 Depths:1 Depths:3)
  An anaconda (Snake:3)
  2 alligators (Swamp:3)
  2 deep troll shamans (Vaults:3 Depths:3)
  A shock serpent (Snake:4)
  A naga sharpshooter (Snake:3)
  Nergalle (Lair:1)
  2 hell knights (Vaults:2)
  A glowing orange brain (Vaults:1)
  An unseen horror (shapeshifter) (Depths:3)
  2 swamp dragons (Swamp:4)
  3 naga ritualists (Snake:4)
  A deep troll (Depths:2)
  3 deep elf archers (Elf:2 Elf:3)
  An ironbrand convoker (Vaults:2)
  2 orc knights (Vaults:2)
  9 ugly things (Vaults:3 Vaults:4 Depths:1 Depths:2)
  2 oklob plants (Lair:2)
  A wolf spider (Vaults:4)
  5 salamanders (Snake:4)
  8 deep elf magi (Orc:2 Elf:1 Elf:2 Vaults:2)
  A vault sentinel (Vaults:3)
  A guardian serpent (Snake:4)
  11 black mambas (Snake:1 Snake:2 Snake:3 Snake:4)
  2 elephants (Lair:6)
  8 naga magi (Snake:4)
  A centaur skeleton (D:14)
  2 spiny frogs (Swamp:3 Swamp:4)
  A rime drake (Lair:6)
  2 komodo dragons (Lair:4 Lair:6)
  3 yaktaurs (Vaults:3 Depths:1)
  A polar bear (Lair:6)
  2 hornets (Swamp:3 Vaults:2)
  A dream sheep (Lair:4)
  5 blink frogs (Lair:2 Lair:6 Swamp:4)
  10 slime creatures (D:14 D:15 Swamp:4 Depths:1)
  A bog body (Swamp:4)
  A large abomination (Swamp:4)
  A tarantella (shapeshifter) (Depths:1)
  3 water elementals (Elf:2 Depths:3)
  A fire elemental (Elf:3)
  2 yaks (Lair:6 D:14)
  A hungry ghost (D:9)
  A vampire mosquito (Swamp:4)
  A swamp worm (Swamp:1)
  14 nagas (Snake:3 Snake:4)
  A water moccasin (Lair:1)
  2 porcupines (Lair:2 Lair:3)
  A phantom (D:14)
  3 orc warriors (D:9 Orc:2)
  4 ogres (Vaults:2 Vaults:3 Depths:1)
  9 crocodiles (Lair:1 Lair:2 Lair:4 Lair:5 Lair:6)
  2 centaurs (D:15 Depths:2)
  An earth elemental (Elf:3)
  A yaktaur simulacrum (Vaults:1)
  A hound (D:11)
  An orc priest (D:9)
  2 orc wizards (Orc:2)
  A shadow imp (Depths:3)
  A leopard gecko (D:9)
  16 orcs (Orc:2 Vaults:2 Vaults:3)
  A fungus (Lair:4)
  8 plants (Lair:2 Lair:5 Lair:6)
227 creatures vanquished.

Vanquished Creatures (others)
  Asterion (Vaults:1)
  A frost giant (Depths:3)
  A stone giant (Vaults:4)
  A centaur warrior (Depths:3)
  2 deep elf knights (Elf:1)
  2 deep elf archers (Elf:3 Vaults:1)
  A vault sentinel (Vaults:4)
  13 yaktaurs (Vaults:2 Vaults:4 Depths:1 Depths:2)
  A naga (Snake:4)
  A slave (D:5)
  2 centaurs (D:5 Depths:2)
  2 orcs (Vaults:3 Vaults:4)
  25 fungi (D:9 Lair:4 Lair:6)
  29 plants (D:6 D:9 Lair:6)
82 creatures vanquished.

Grand Total: 1810 creatures vanquished

Notes
Turn   | Place    | Note
-------+----------+-------------------------------------------
     0 | D:1      | MachJacob the Tengu Air Elementalist began the quest for
                  | the Orb.
     0 | D:1      | Reached XP level 1. HP: 10/10 MP: 4/4
   350 | D:1      | Reached XP level 2. HP: 15/15 MP: 4/6
   444 | D:1      | Learned a level 2 spell: Swiftness
   797 | D:1      | Reached XP level 3. HP: 19/19 MP: 2/7
   810 | D:1      | Learned a level 3 spell: Static Discharge
  1475 | D:2      | Reached skill level 5 in Air Magic
  1887 | D:2      | Reached XP level 4. HP: 24/24 MP: 6/8
  2317 | D:2      | You fall into a shaft and drop 2 floors!
  2623 | D:3      | Gained mutation: You can fly continuously. [Tengu growth]
  2623 | D:3      | Reached XP level 5. HP: 22/28 MP: 0/10
  2975 | D:2      | Found an ancient bone altar of Kikubaaqudgha.
  2986 | D:2      | Reached skill level 5 in Conjurations
  2992 | D:2      | Learned a level 4 spell: Airstrike
  3369 | D:2      | Reached XP level 6. HP: 20/33 MP: 8/11
  3372 | D:2      | Reached skill level 1 in Armour
  3527 | D:3      | Reached skill level 1 in Fighting
  3879 | D:3      | Found a glowing silver altar of Zin.
  4100 | D:4      | Noticed Eustachio
  4618 | D:4      | Found a staircase to the Ecumenical Temple.
  4623 | Temple   | Entered the Ecumenical Temple
  4773 | Temple   | Became a worshipper of Ashenzari the Shackled
  5405 | D:4      | Identified the ring "Forget-Me-Not" {rElec rF+ Stlth+}
  5477 | D:4      | Noticed Menkaure
  5523 | D:4      | Killed Eustachio
  5523 | D:4      | Reached skill level 2 in Fighting
  5523 | D:4      | Reached XP level 7. HP: 40/40 MP: 3/12
  5605 | D:5      | Entered Level 5 of the Dungeon
  5659 | D:5      | Noticed Pikel
  5665 | D:4      | Reached skill level 1 in Charms
  6273 | D:5      | Noticed Duvessa
  6275 | D:5      | Noticed Dowan
  6286 | D:5      | Killed Duvessa
  6376 | D:5      | Killed Dowan
  6875 | D:5      | Reached XP level 8. HP: 28/45 MP: 7/13
  7008 | D:5      | Killed Pikel
  7008 | D:5      | Reached skill level 3 in Fighting
  7107 | D:5      | Noticed Grinder
  7116 | D:5      | Paralysed by Grinder for 7 turns
  7131 | D:5      | Killed Grinder
  7650 | D:5      | Reached skill level 4 in Fighting
  7669 | D:5      | Found a runed translucent door.
  7670 | D:5      | Noticed Crazy Yiuf
  7736 | D:6      | Found a white marble altar of Elyvilon.
  7737 | D:6      | Found a shimmering altar of Xom.
  7739 | D:6      | Found a sparkling altar of Nemelex Xobeh.
  7741 | D:6      | Found a stormy altar of Qazlal.
  7924 | D:6      | Found a transporter.
  7924 | D:6      | Found a transporter.
  7928 | D:6      | Identified the +8 trident of Exchange {pain, Dex+2}
  7928 | D:6      | Identified the +3 scale mail of the Beggar {rC+}
  7937 | D:6      | Noticed Lexodia's ghost (novice TrMo)
  8059 | D:6      | Reached XP level 9. HP: 52/52 MP: 10/14
  8169 | D:6      | Reached * piety under Ashenzari
  8517 | D:6      | Reached skill level 5 in Armour
  8630 | D:6      | Reached skill level 10 in Air Magic
  9253 | D:7      | Reached skill level 5 in Fighting
  9286 | D:6      | Reached skill level 5 in Dodging
  9992 | D:7      | Reached skill level 6 in Fighting
  9992 | D:7      | Reached XP level 10. HP: 60/60 MP: 9/15
 10410 | D:8      | Noticed Harold
 10536 | D:8      | Noticed Grum
 10607 | D:8      | Noticed a two-headed ogre
 11080 | D:7      | Learned a level 1 spell: Animate Skeleton
 11447 | D:8      | Got the uncursed leather armour "Uzial" {rN++ rCorr}
 11458 | D:8      | Identified the +3 leather armour "Uzial" {rN++ rCorr} (You
                  | found it on level 8 of the Dungeon)
 11551 | D:8      | Killed Harold
 11933 | D:8      | Killed Grum
 12036 | D:8      | Noticed Prince Ribbit
 12130 | D:8      | Noticed Psyche
 13952 | D:9      | Found a staircase to the Lair.
 14103 | D:9      | Reached skill level 7 in Fighting
 14345 | D:9      | Reached XP level 11. HP: 67/67 MP: 0/16
 14744 | D:10     | Entered Level 10 of the Dungeon
 14855 | D:10     | Identified the +2 chain mail of the Depths {*Drain rF++
                  | MR++}
 14855 | D:10     | Identified the cursed +1 ring mail of the Known World
                  | {*Drain +Blink rPois rCorr}
 15733 | D:10     | Noticed a two-headed ogre
 15967 | D:10     | Killed a two-headed ogre
 16060 | D:10     | Reached skill level 8 in Fighting
 16071 | D:10     | Got the hand crossbow "Mequn" {elec, rElec rF++ Str+3
                  | Dex-3}
 16186 | D:10     | Killed an unseen horror
 16899 | D:11     | Noticed a cyclops
 17024 | D:10     | Learned a level 5 spell: Lightning Bolt
 17364 | D:4      | Killed Menkaure
 17745 | D:5      | Killed Crazy Yiuf
 17851 | D:5      | Identified the +9 hand crossbow "Mequn" {elec, rElec rF++
                  | Str+3 Dex-3} (You found it on level 10 of the Dungeon)
 18279 | D:7      | Killed a two-headed ogre
 18279 | D:7      | Reached skill level 9 in Fighting
 18279 | D:7      | Reached skill level 1 in Crossbows
 18437 | D:8      | Killed Prince Ribbit
 18465 | D:8      | Noticed an orc knight
 18549 | D:7      | Killed Psyche
 18768 | D:7      | Killed an orc knight
 19147 | Lair:1   | Entered Level 1 of the Lair of Beasts
 19283 | Lair:1   | Noticed Sonja
 19522 | Lair:1   | Killed Sonja
 19831 | Lair:1   | Noticed Nergalle
 19857 | Lair:1   | Killed Nergalle
 19857 | Lair:1   | Reached skill level 5 in Crossbows
 20046 | Lair:1   | Noticed Erica
 20090 | Lair:1   | Killed Erica
 20090 | Lair:1   | Reached XP level 12. HP: 59/77 MP: 2/20
 20249 | Lair:1   | Noticed Gastronok
 20651 | Lair:1   | Noticed a seven-headed hydra
 20821 | Lair:1   | Killed a seven-headed hydra
 20821 | Lair:1   | Reached skill level 5 in Spellcasting
 21325 | Lair:2   | Reached skill level 10 in Fighting
 22222 | Lair:3   | Noticed a five-headed hydra
 22782 | Lair:3   | Killed a five-headed hydra
 23011 | Lair:4   | Noticed a five-headed hydra
 23085 | Lair:4   | Killed a five-headed hydra
 23209 | Lair:4   | Reached skill level 10 in Crossbows
 23209 | Lair:4   | Reached XP level 13. HP: 82/84 MP: 18/23
 23236 | Lair:4   | Reached skill level 11 in Fighting
 23417 | Lair:4   | Learned a level 3 spell: Regeneration
 23561 | Lair:4   | Found a staircase to the Snake Pit.
 23595 | Lair:4   | Reached skill level 12 in Fighting
 23847 | Lair:4   | Reached ** piety under Ashenzari
 23921 | Lair:4   | Found a staircase to the Swamp.
 24858 | Lair:5   | Reached skill level 1 in Evocations
 25873 | Lair:6   | Entered Level 6 of the Lair of Beasts
 26510 | Lair:6   | Reached skill level 13 in Fighting
 26546 | Lair:6   | Reached XP level 14. HP: 54/94 MP: 21/24
 26599 | Lair:6   | Reached *** piety under Ashenzari
 27325 | Lair:6   | Found a runed translucent door.
 27326 | Lair:6   | Found a viscous altar of Jiyva.
 27328 | Lair:6   | Found a staircase to the Slime Pits.
 27328 | Lair:6   | Noticed an azure jelly
 27887 | Lair:6   | Reached skill level 10 in Dodging
 28159 | Lair:6   | Identified the +10 dagger of Indomitability {flame, *Rage
                  | rF+ Str+4 Stlth+} (You found it on level 2 of the Lair of
                  | Beasts)
 28272 | D:9      | Reached skill level 10 in Armour
 29664 | D:11     | Found a staircase to the Orcish Mines.
 30185 | D:12     | Found a stormy altar of Qazlal.
 30615 | Orc:1    | Entered Level 1 of the Orcish Mines
 30615 | Orc:1    | Found Innesied's Book Boutique.
 31295 | Orc:2    | Entered Level 2 of the Orcish Mines
 31590 | Orc:2    | Noticed Rupert
 31609 | Orc:2    | Killed Rupert
 31650 | Orc:2    | Noticed Nessos
 32136 | Orc:2    | Killed Nessos
 32217 | Orc:2    | Found a staircase to the Elven Halls.
 32276 | Orc:2    | Found a flickering gateway to a bazaar.
 32295 | Bazaar   | Entered a bazaar
 32295 | Bazaar   | Found Ockotus's Jewellery Emporium.
 32295 | Bazaar   | Found Faongod's Antique Armour Shoppe.
 32295 | Bazaar   | Found Geskiyteh's Book Shoppe.
 32295 | Bazaar   | Found Sutuat's Weapon Emporium.
 32319 | Bazaar   | Bought an uncursed ring of protection from magic for 225
                  | gold pieces
 32319 | Bazaar   | Bought the ring of Suteowk {rF+ rN+ MP+9 Dex+2 SInv} for
                  | 506 gold pieces
 32355 | Orc:2    | Noticed Snorg
 32363 | Orc:2    | Killed Snorg
 32363 | Orc:2    | Reached skill level 14 in Fighting
 32443 | Orc:2    | Found a roughly hewn altar of Beogh.
 32590 | Orc:2    | Reached **** piety under Ashenzari
 32637 | Orc:2    | Found a roughly hewn altar of Beogh.
 32662 | Orc:2    | Reached XP level 15. HP: 79/100 MP: 7/26
 32675 | Orc:2    | Found Nepruize's Assorted Antiques.
 32782 | Orc:2    | Found a roughly hewn altar of Beogh.
 32783 | Orc:2    | Found Evaojosk's Weapon Shop.
 33165 | Orc:2    | Found a roughly hewn altar of Beogh.
 33445 | Orc:2    | Noticed Saint Roka
 34073 | Orc:2    | Found Cemohepa's Antique Weapon Shop.
 34074 | Orc:2    | Found a roughly hewn altar of Beogh.
 34075 | Orc:2    | Found Jiext's Antique Armour Boutique.
 34175 | Orc:2    | Found a roughly hewn altar of Beogh.
 34234 | Orc:2    | Found a roughly hewn altar of Beogh.
 34234 | Orc:2    | Found Evaojosk's Weapon Shop.
 34497 | Orc:2    | Found a roughly hewn altar of Beogh.
 36445 | D:13     | Noticed a tengu reaver
 37330 | D:14     | Found a shimmering altar of Xom.
 37366 | D:14     | Found a gate to the Vaults.
 38534 | D:15     | Entered Level 15 of the Dungeon
 38625 | D:15     | Reached ***** piety under Ashenzari
 39267 | D:15     | Identified the +1 robe "Yveodyar" {rElec MP+9 Int+3 Stlth+}
 39971 | D:15     | Found a staircase to the Depths.
 39971 | D:15     | Noticed a frost giant
 40709 | D:15     | Killed a frost giant
 41242 | Swamp:1  | Entered Level 1 of the Swamp
 41470 | Swamp:1  | Reached XP level 16. HP: 94/107 MP: 30/30
 42706 | D:14     | Reached XP level 17. HP: 112/112 MP: 31/31
 42707 | D:14     | Reached XP level 18. HP: 117/117 MP: 32/32
 42958 | Swamp:1  | Learned a level 4 spell: Summon Lightning Spire
 42960 | Swamp:1  | Learned a level 1 spell: Apportation
 42962 | Swamp:1  | Learned a level 1 spell: Summon Butterflies
 42965 | Swamp:1  | Learned a level 2 spell: Passwall
 42975 | Swamp:2  | Found a transporter.
 42975 | Swamp:2  | Noticed Xenophilius's ghost (adept SpAE)
 43236 | Swamp:2  | Found a transporter.
 43395 | Swamp:1  | Reached skill level 10 in Spellcasting
 44904 | Swamp:1  | Paralysed by a hornet for 3 turns
 44912 | Swamp:1  | Reached skill level 1 in Summonings
 45593 | Swamp:2  | Reached skill level 15 in Fighting
 46576 | Swamp:3  | Reached skill level 10 in Polearms
 48116 | Swamp:4  | Entered Level 4 of the Swamp
 48116 | Swamp:4  | Reached ****** piety under Ashenzari
 50624 | Swamp:4  | Noticed a tentacled monstrosity
 51674 | Swamp:4  | Got a decaying rune of Zot
 51870 | Lair:4   | Upgraded the game from 0.24-a0-370-g78e9d4e317 to
                  | 0.24-a0-375-g4de66ed42b
 51871 | Snake:1  | Entered Level 1 of the Snake Pit
 51969 | Snake:1  | Found Jene's Food Emporium.
 52120 | Snake:1  | Noticed Josephine
 52162 | Lair:4   | Reached XP level 19. HP: 90/125 MP: 33/36
 52895 | Lair:4   | Killed Josephine
 52932 | Snake:1  | Reached skill level 1 in Translocations
 53026 | Snake:1  | Noticed Louise
 53389 | Snake:1  | Killed Louise
 54202 | Snake:1  | Reached skill level 16 in Fighting
 54334 | Snake:1  | Noticed Aizul
 54357 | Snake:1  | Killed Aizul
 54539 | Snake:1  | Noticed Jorgrun
 55573 | Snake:3  | Noticed Donald
 56340 | Snake:3  | Killed Donald
 57131 | Snake:4  | Entered Level 4 of the Snake Pit
 57894 | Snake:4  | Reached skill level 17 in Fighting
 59744 | Snake:4  | Reached skill level 1 in Shields
 60698 | Snake:4  | Reached skill level 18 in Fighting
 60792 | Snake:4  | Reached XP level 20. HP: 115/136 MP: 18/37
 60918 | Snake:4  | Got a serpentine rune of Zot
 61045 | Snake:4  | Reached skill level 5 in Shields
 61849 | Orc:2    | Found a staircase to the Elven Halls.
 61907 | Orc:2    | Found a roughly hewn altar of Beogh.
 61947 | Orc:2    | Killed Saint Roka
 61951 | Orc:2    | Found Nepruize's Assorted Antiques.
 62001 | Orc:2    | Found Jiext's Antique Armour Boutique.
 62002 | Orc:2    | Found a roughly hewn altar of Beogh.
 62005 | Orc:2    | Found Cemohepa's Antique Weapon Shop.
 62058 | Elf:1    | Entered Level 1 of the Elven Halls
 62432 | Orc:1    | Bought a book of the Sky for 845 gold pieces
 62440 | Orc:1    | Learned a level 6 spell: Deflect Missiles
 62925 | Elf:1    | Cast into level 3 of the Abyss (a deep elf sorcerer)
 62977 | Elf:1    | Escaped the Abyss
 64822 | Elf:2    | Found a runed translucent gate.
 64823 | Elf:2    | Found a runed translucent gate.
 64826 | Elf:2    | Found a runed translucent gate.
 65326 | Elf:2    | Reached skill level 10 in Shields
 65842 | Elf:3    | Entered Level 3 of the Elven Halls
 66048 | Elf:3    | Noticed Mara
 66063 | Elf:3    | Killed Mara
 66628 | Elf:3    | Reached skill level 19 in Fighting
 66689 | Elf:3    | Found Elotuyci's Weapon Shop.
 67222 | Elf:3    | Reached XP level 21. HP: 144/144 MP: 38/38
 67265 | Elf:3    | Identified the +0 ring mail of the Stars {Str+6}
 67265 | Elf:3    | Found the +0 pair of fencer's gloves {Riposte Dex+3}
 67272 | Elf:3    | Identified the +11 gold dragon scales of Perfidy {rPois rF+
                  | rC+ Regen+ Dex+6}
 68008 | Elf:3    | Identified the +8 dagger of Incongruity {flame, rElec SInv}
 68107 | Elf:3    | Identified the +5 war axe of the Realm of Zot {vamp, Str+4
                  | Int+6}
 68689 | Elf:3    | Identified the amulet "Juerubb" {RegenMP *Corrode *Drain
                  | MR++ Dex+4}
 68948 | Elf:3    | Identified the +4 bardiche "Jaemacar" {flame, +Inv Str+3}
 68971 | Elf:3    | Identified a scroll of acquirement
 69011 | Elf:3    | Found the +3 sling "Punk" {acid, rCorr}
 69345 | Orc:2    | Learned a level 2 spell: Blink
 69351 | Orc:2    | Learned a level 5 spell: Borgnjor's Vile Clutch
 69579 | Vaults:1 | Entered Level 1 of the Vaults
 69792 | Vaults:1 | Noticed Asterion
 69807 | Vaults:1 | Killed Asterion
 69807 | Vaults:1 | Reached skill level 1 in Earth Magic
 69976 | Vaults:1 | Reached skill level 20 in Fighting
 71049 | Vaults:2 | Noticed Margery
 71860 | Vaults:2 | Killed Margery
 72086 | Vaults:2 | Reached XP level 22. HP: 133/152 MP: 39/39
 72425 | Vaults:2 | Found a staircase to the Crypt.
 72425 | Vaults:2 | Found an ancient bone altar of Kikubaaqudgha.
 72425 | Vaults:2 | Found a basalt altar of Yredelemnul.
 72760 | Vaults:2 | Reached skill level 15 in Dodging
 73938 | Vaults:3 | Reached skill level 5 in Necromancy
 74635 | Vaults:3 | Identified the ring "Xaeciv" {Str+3 SInv Stlth+}
 75317 | Vaults:3 | Identified Buloes's Tome of the Congealing Entourage
 76796 | Vaults:4 | Reached skill level 5 in Earth Magic
 77026 | Vaults:4 | Reached XP level 23. HP: 146/158 MP: 40/40
 77492 | Depths:1 | Entered Level 1 of the Depths
 77932 | Depths:1 | Found a one-way gate to the infinite horrors of the Abyss.
 77982 | Depths:1 | Found a gateway to Hell.
 78156 | Depths:1 | Found a shattered altar of Ashenzari.
 78286 | Depths:1 | Found a gateway to a ziggurat.
 78521 | Depths:1 | HP: 7/158 [Hell Sentinel/damnation[a lich] (26)]
 78559 | Depths:1 | Reached skill level 15 in Armour
 79984 | Depths:2 | Found a transporter.
 80008 | Depths:2 | Noticed a golden dragon
 80350 | Depths:2 | Paralysed by a floating eye for 4 turns
 81522 | Depths:2 | Found Lonyl's Assorted Antiques.
 81539 | Depths:2 | Reached skill level 21 in Fighting
 81595 | Depths:2 | Found a transporter.
 81596 | Depths:2 | Identified the +11 rapier "Voetut" {pierce, rC+ Str+4 Int+2
                  | Dex-3}
 82403 | Depths:3 | Noticed Boris
 82587 | Depths:3 | Found a one-way gate leading to the halls of Pandemonium.
 82595 | Depths:3 | Noticed an ancient lich
 82617 | Depths:3 | Reached XP level 24. HP: 162/166 MP: 40/40
 82985 | Depths:3 | Paralysed by a vampire knight for 7 turns
 83000 | Depths:3 | Slain by a vampire knight

Levels and vault maps discovered:
D:1:      lemuel_arrival_hallway, layout_rooms
D:2:      layout_loops_ring, kennysheep_vampire_church, minmay_unequal
D:3:      layout_rooms, lemuel_doored_altar, first_ration
D:4:      layout_cave_pods, minmay_temple_entry_tees, kennysheep_donut,
          kennysheep_generic_room_13, uniq_menkaure, uniq_eustachio
D:5:      layout_rooms, minivault_19, uniq_duvessa, uniq_crazy_yiuf_cottage,
          uniq_grinder, uniq_pikel
D:6:      minmay_angry_zag, layout_rooms, minitemple,
          gammafunk_ghost_gnarly_gnolls
D:7:      layout_rooms
D:8:      layout_cave_pools, hangedman_little_slice_of_home,
          kennysheep_just_a_vault, uniq_psyche, uniq_prince_ribbit1, uniq_grum,
          uniq_harold
D:9:      layout_irregular_city, grunt_lair_entry_orc_guard_hut
D:10:     layout_loops_ring
D:11:     minmay_imperfect_grid, layout_loops_ring, minmay_crystal_water
D:12:     layout_rooms, david_defended_altar_elf
D:13:     minmay_two_paths, layout_basic, uniq_frances
D:14:     minmay_clustersquares, layout_long_grid, david_vaults_1,
          serial_park_tiny_2, xom_teletrap_fun
D:15:     grunt_enter_depths_snipers, layout_basic,
          chequers_serial_rivers_micro_b
Temple:   regret_index_temple_sphere_string
Lair:1:   layout_gridlike, grunt_megastairs_4, uniq_sonja, uniq_erica,
          uniq_gastronok, uniq_nergalle
Lair:2:   layout_loops_ring, serial_bayou_lagoon_b, grunt_megastairs_1,
          minmay_lair_oklob_chamber
Lair:3:   layout_chaotic_city, kennysheep_basilisk_garden
Lair:4:   layout_regular_city, minmay_swamp_entry_reptiles,
          guppyfry_snake_entry_garden, chequers_serial_rivers_marsh,
          grunt_megastairs_2
Lair:5:   layout_cave_pods, grunt_megastairs_3, serial_bayou_shore_b
Lair:6:   gammafunk_lair_ancient_temple, layout_loops_ring, slime_altar_2,
          minivault_11, infiniplex_staircase_pool
Swamp:1:  layout_falls_marsh, evilmike_swamp_ruin_house_1
Swamp:2:  layout_falls_marsh, gammafunk_ghost_arena, evilmike_swamp_ruin_house_5
Swamp:3:  layout_basic_swamp, evilmike_swamp_ruin_house_3
Swamp:4:  swamp_vile, layout_basic_swamp, swamp_pool2,
          nicolae_swamp_dense_foliage
Snake:1:  layout_gridlike, serial_shops, shop, uniq_aizul, uniq_josephine,
          uniq_louise, uniq_jorgrun
Snake:2:  layout_onion
Snake:3:  layout_cave_town, hangedman_corner_corridor, uniq_donald
Snake:4:  snake_pit, layout_misc_corridors, guppyfry_library_mini
Orc:1:    layout_diamond_mine, serial_shops, nicolae_shop_statue_plus
Orc:2:    grunt_orc_community_town_hall, layout_diamond_mine,
          grunt_orc_community_big_house_1, grunt_orc_community_big_house_1,
          grunt_orc_community_house_3, grunt_orc_community_house_2,
          grunt_orc_community_house_3, grunt_orc_community_house_2,
          grunt_orc_community_house_3, serial_shops, bzr_entry_safe,
          uniq_nessos, uniq_snorg, uniq_rupert
Elf:1:    elf_arrival_002, layout_geoelf_diagonals, hangedman_elf_represent,
          st_stairs_4
Elf:2:    layout_onion_city
Elf:3:    minmay_elf_hall_furrowed, layout_geoelf_castle, serial_shops, shop,
          uniq_mara
Vaults:1: hangedman_vaults_stream, vaults_room_door_hall,
          nicolae_vaults_puzzle_piece, v_misc_28, v_pattern_4,
          hangedman_vaults_slice, nicolae_vaults_statue_guard,
          nicolae_vaults_rhombus_6, nicolae_vaults_angled_halls,
          layout_vaults_chaotic_city, uniq_asterion
Vaults:2: v_rooms_3, v_pattern_5, v_misc_24, minmay_crypt_entry_necro_gods,
          nicolae_vaults_branching_niches, nicolae_vaults_yaktaur_gun_rack,
          hangedman_vaults_stitches, nicolae_vaults_ring_of_whatevers,
          ontoclasm_vaults_gateway, layout_vaults_ring, uniq_margery
Vaults:3: ontoclasm_vaults_echo, vaults_room_grid, hangedman_vaults_stagger,
          nicolae_vaults_network_square, layout_vaults_quadrants
Vaults:4: st_lattice, v_misc_10, v_misc_17, v_misc_14, v_pattern_2,
          ontoclasm_vaults_fault, vaults_room_ringed_pool, vaults_dpeg_cross,
          grunt_vaults_hallway_short, ontoclasm_vaults_decontamination,
          nicolae_vaults_alarming, nicolae_vaults_network_quinsquares
          [nicolae_vaults_network_quincunx_subvault,
          nicolae_vaults_network_quincunx_subvault,
          nicolae_vaults_network_quincunx_subvault,
          nicolae_vaults_network_quincunx_subvault], layout_vaults_big_cross
Depths:1: layout_honeycomb, enter_ziggurat_c, minmay_misc_feat_five,
          abyss_entry, grunt_hell_entry_dis_grunt,
          hangedman_abyss_or_decor_passed, minmay_misc_feat_doors,
          nicolae_ashenzari_panopticon
Depths:2: gammafunk_sealed_arena, layout_small_grid, serial_shops,
          nicolae_shop_statue_plus, hell_entry, roderic_serpentine_path,
          serial_bayou_shore_b, minmay_staircase_windowed_small
Depths:3: regret_index_qazlal_generations, layout_gridlike,
          corexii_corridor_pit, special_room [special_room_morgue], hell_entry,
          rand_demon_pan_entry_3, chequers_serial_rivers_marsh,
          infiniplex_staircase_river, serial_bayou_shore_b, uniq_boris

Skill      XL: |  1  2  3  4  5  6  7  8  9 10 11 12 13 14 15 16 17 18 19 20 21 22 23 24 |
---------------+-------------------------------------------------------------------------+-----
Conjurations   | 2 3 4 5 8 |  8.1
Air Magic      | 5 6 7 9 10 12 | 12.3
Spellcasting   | 3 4 6 7 9 12 | 12.5
Armour         | 2 3 4 6 7 8 9 11 12 13 14 15 16 | 16.0
Fighting       | 2 4 6 7 9 10 13 14 15 18 19 20 21 | 21.2
Dodging        | 3 5 7 8 9 11 12 14 16 18 | 18.3
Charms         | 1 3 |  3.0
Necromancy     | 4 7 9 |  9.1
Crossbows      | 5 10 | 10.0
Evocations     | 4 |  4.6
Polearms       | 6 8 10 | 10.0
Summonings     | 2 |  2.7
Translocations | 1 |  1.3
Shields        | 4 11 12 | 12.3
Earth Magic    | 2 5 6 |  6.9
Stealth        | |  2.0
Transmutations | |  0.6

Action                   |  1- 3 |  4- 6 |  7- 9 | 10-12 | 13-15 | 16-18 | 19-21 | 22-24 || total
-------------------------+-------+-------+-------+-------+-------+-------+-------+-------++-------
Melee: Dagger            |     8 |    35 |    12 |    23 |       |       |       |       ||    78
       Kick              |     1 |     6 |     2 |     9 |       |   222 |   437 |   203 ||   880
       Peck              |     1 |     2 |     1 |     9 |       |   158 |   264 |   152 ||   587
       Spear             |       |       |       |     2 |       |   591 |   129 |       ||   722
       Halberd           |       |       |       |       |       |   167 |       |       ||   167
       Trident           |       |       |       |       |       |       |  1450 |   556 ||  2006
 Fire: Hand crossbow     |       |       |       |   157 |   776 |   222 |   964 |  1189 ||  3308
 Cast: Shock             |    72 |   126 |   189 |   416 |   159 |    24 |       |       ||   986
       Static Discharge  |     1 |    18 |    19 |    51 |    16 |    23 |     1 |       ||   129
       Airstrike         |       |       |       |    40 |   316 |    18 |    19 |   110 ||   503
       Animate Skeleton  |       |       |       |    52 |   144 |    32 |   155 |   149 ||   532
       Swiftness         |       |       |       |     1 |       |     1 |     1 |     2 ||     5
       Lightning Bolt    |       |       |       |    27 |    47 |    44 |   116 |    19 ||   253
       Regeneration      |       |       |       |       |     2 |     7 |    30 |    17 ||    56
       Summon Lightning  |       |       |       |       |       |    14 |    57 |     5 ||    76
       Apportation       |       |       |       |       |       |       |     4 |     1 ||     5
       Passwall          |       |       |       |       |       |       |     3 |     1 ||     4
       Deflect Missiles  |       |       |       |       |       |       |    11 |     7 ||    18
       Summon Butterflie |       |       |       |       |       |       |     1 |     1 ||     2
       Borgnjor's Vile C |       |       |       |       |       |       |       |     1 ||     1
       Blink             |       |       |       |       |       |       |       |     1 ||     1
Invok: Curse Item        |       |     1 |       |     1 |     5 |     1 |     2 |       ||    10
       Scrying           |       |       |       |     2 |     2 |     1 |     3 |     6 ||    14
 Abil: Fly               |       |       |       |     1 |       |       |       |       ||     1
       Evoke Berserk Rag |       |       |       |       |       |       |     1 |     1 ||     2
Evoke: Wand              |       |       |       |       |     5 |     1 |     1 |       ||     7
       Phial of floods   |       |       |       |       |       |     1 |     1 |       ||     2
       Fan of gales      |       |       |       |       |       |       |     1 |       ||     1
       Box of beasts     |       |       |       |       |       |       |     1 |       ||     1
       Phantom mirror    |       |       |       |       |       |       |     1 |       ||     1
  Use: Scroll            |     3 |     5 |     9 |     4 |    16 |     8 |    10 |     4 ||    59
       Potion            |     1 |     1 |       |     2 |     2 |     2 |     1 |     2 ||    11
 Stab: Sleeping          |       |     1 |     2 |       |       |     1 |     2 |       ||     6
       Invisible         |       |       |       |     1 |       |       |       |       ||     1
       Distracted        |       |       |       |       |       |     2 |    20 |     3 ||    25
  Eat: Chunk             |     4 |    15 |    23 |    67 |    97 |    26 |    57 |    31 ||   320
       Ration            |       |       |       |       |       |     5 |     9 |     3 ||    17
Armor: Robe              |     4 |    18 |       |       |       |       |       |       ||    22
       Leather armour    |       |       |    15 |    56 |    80 |       |       |       ||   151
       Ice dragon scales |       |       |       |       |     9 |   309 |   599 |   251 ||  1168
Dodge: Dodged            |    11 |    76 |    44 |   278 |   504 |   591 |  1102 |   800 ||  3406
       Deflected         |       |       |       |       |       |       |    85 |    54 ||   139
Block: Buckler           |       |       |       |       |       |   139 |   477 |       ||   616
       Shield            |       |       |       |       |       |       |   160 |   713 ||   873
       Reflection        |       |       |       |       |       |       |    16 |    77 ||    93

Table legend:
 A = Non-vault XP
 B = Vault XP
 C = Vault XP percentage of total XP
 D = Non-vault monster count
 E = Vault monster count
 F = Vault count percentage of total count
                 A         B        C        D         E       F
            +---------+---------+-------+---------+---------+-------
      Total |  460344 |  265842 |  36.6 |    1253 |     491 |  28.2
            +---------+---------+-------+---------+---------+-------
        D:1 |      51 |       0 |   0.0 |      28 |       0 |   0.0
        D:2 |      57 |     124 |  68.5 |      13 |      10 |  43.5
        D:3 |     167 |       0 |   0.0 |      28 |       0 |   0.0
        D:4 |     427 |     359 |  45.7 |      40 |       3 |   7.0
        D:5 |     297 |    1159 |  79.6 |      13 |       5 |  27.8
        D:6 |     511 |     518 |  50.3 |      14 |       6 |  30.0
        D:7 |    2610 |    1148 |  30.5 |      32 |       3 |   8.6
        D:8 |     507 |    1686 |  76.9 |      12 |      12 |  50.0
        D:9 |    2809 |     590 |  17.4 |      38 |       5 |  11.6
       D:10 |    2589 |       0 |   0.0 |      21 |       0 |   0.0
       D:11 |    3138 |    6063 |  65.9 |      27 |      27 |  50.0
       D:12 |    4976 |       0 |   0.0 |      30 |       0 |   0.0
       D:13 |    2160 |    4158 |  65.8 |      23 |      12 |  34.3
       D:14 |    4885 |    6996 |  58.9 |      14 |      19 |  57.6
       D:15 |   19507 |    3077 |  13.6 |      44 |       3 |   6.4
     Lair:1 |    3251 |    2404 |  42.5 |      13 |       4 |  23.5
     Lair:2 |    2491 |    2161 |  46.5 |      19 |       8 |  29.6
     Lair:3 |    1820 |     744 |  29.0 |       4 |       4 |  50.0
     Lair:4 |   15482 |    2675 |  14.7 |      40 |      12 |  23.1
     Lair:5 |    3147 |     865 |  21.6 |      15 |       4 |  21.1
     Lair:6 |   11082 |    8515 |  43.5 |      36 |      25 |  41.0
    Swamp:1 |   12080 |       0 |   0.0 |      30 |       0 |   0.0
    Swamp:2 |   15222 |       0 |   0.0 |      34 |       0 |   0.0
    Swamp:3 |   15022 |    2317 |  13.4 |      42 |       2 |   4.5
    Swamp:4 |   14382 |   12667 |  46.8 |      42 |      24 |  36.4
    Snake:1 |    8592 |    2648 |  23.6 |      19 |       2 |   9.5
    Snake:2 |    2370 |       0 |   0.0 |       4 |       0 |   0.0
    Snake:3 |   13460 |    5614 |  29.4 |      30 |      10 |  25.0
    Snake:4 |   28628 |   29513 |  50.8 |      67 |      54 |  44.6
      Orc:1 |    1141 |     140 |  10.9 |      14 |       2 |  12.5
      Orc:2 |    4071 |   19931 |  83.0 |      23 |      76 |  76.8
      Elf:1 |   15719 |    7170 |  31.3 |      27 |       9 |  25.0
      Elf:2 |   19509 |    4912 |  20.1 |      31 |       5 |  13.9
      Elf:3 |   19090 |   54590 |  74.1 |      34 |      36 |  51.4
   Vaults:1 |    5450 |   11364 |  67.6 |      12 |      22 |  64.7
   Vaults:2 |   31886 |   39851 |  55.6 |      70 |      53 |  43.1
   Vaults:3 |   30029 |    8841 |  22.7 |      63 |       8 |  11.3
   Vaults:4 |   29421 |   10616 |  26.5 |      55 |      15 |  21.4
   Depths:1 |   39921 |    4915 |  11.0 |      55 |       4 |   6.8
   Depths:2 |   40191 |       0 |   0.0 |      54 |       0 |   0.0
   Depths:3 |   31991 |    7511 |  19.0 |      42 |       7 |  14.3
    Abyss:3 |     205 |       0 |   0.0 |       1 |       0 |   0.0
            +---------+---------+-------+---------+---------+-------
